 Dungeon Crawl Stone Soup version 0.31-a0-1370-gf52a5a9ab3 (webtiles) character file.

Game seed: 4340989688603885730

342 MisterAzrael the Conjurer (level 6, -5/32 HPs)
             Began as a Deep Elf Conjurer on Dec 24, 2023.
             Was an Initiate of Sif Muna.
             Killed by divine providence
             ... invoked by an orc priest
              (16 damage)
             ... on level 4 of the Dungeon.
             The game lasted 00:07:14 (4036 turns).

MisterAzrael the Conjurer (Deep Elf Conjurer)       Turns: 4036, Time: 00:07:15

Health: -5/32      AC:  4    Str:  4    XL:     6   Next: 30%
Magic:  12/15      EV: 12    Int: 31    God:    Sif Muna [......]
Gold:   195        SH:  0    Dex: 13    Spells: 4/15 levels left

rFire   . . .        k - staff of death
rCold   . . .        (no shield)
rNeg    + . .        a - +0 robe
rPois   .            (no helmet)
rElec   .            (no cloak)
rCorr   .            c - +0 pair of gloves
SInv    .            v - +0 pair of boots
Will    .....        (no amulet)
Stlth   ++           f - +6 ring of intelligence
HPRegen 0.25/turn    g - ring of wizardry
MPRegen 0.14/turn

%: wizardry (x1)
@: no status effects
A: no striking features
a: Renounce Religion


You were on level 4 of the Dungeon.
You worshipped Sif Muna.
Sif Muna was noncommittal.
You visited 1 branch of the dungeon, and saw 4 of its levels.

You collected 195 gold pieces.

Inventory:

Armour
 a - a +0 robe (worn)
 c - a +0 pair of gloves (worn)
 v - a +0 pair of boots (worn)
Magical Staves
 k - a staff of death (weapon)
Jewellery
 f - a +6 ring of intelligence (left hand)
 g - a ring of wizardry (right hand)
 i - a +4 ring of protection
 s - an amulet of regeneration
Scrolls
 e - a scroll of enchant armour {unknown}
 j - a scroll of identify {unknown}
 m - 2 scrolls of teleportation {unknown}
 n - a scroll of blinking {unknown}
 o - 3 scrolls of brand weapon {unknown}
 q - a scroll of fear {unknown}
 u - a scroll of acquirement {unknown}
Potions
 d - a potion of curing {unknown}
 h - a potion of brilliance {unknown}
 l - a potion of enlightenment {unknown}
 p - a potion of resistance {unknown}
 r - a potion of mutation {unknown}
 t - 2 potions of cancellation {unknown}
 w - a potion of berserk rage {unknown}


   Skills:
 + Level 1.4 Staves
 - Level 2.4 Dodging
 - Level 2.4 Stealth
 + Level 5.2 Spellcasting
 * Level 6.7 Conjurations
 + Level 2.7 Necromancy


You had 4 spell levels left.
You knew the following spells:

 Your Spells              Type           Power      Damage    Failure   Level
a - Magic Dart            Conj           100%       1d8       1%          1
b - Searing Ray           Conj           98%        2d8       1%          2
c - Mephitic Cloud        Conj/Alch/Air  21%        N/A       2%          3
d - Fulminant Prism       Conj/Alch      14%        3d9       5%          4
e - Necrotise             Necr           100%       1d9       1%          1

Your spell library contained the following spells:

 Spells                   Type           Power      Damage    Failure   Level
 Sting                    Conj/Alch      100%       1d9       1%          1
 Dazzling Flash           Conj/Hex       56%        N/A       1%          3
 Apportation              Tloc           16%        N/A       2%          1
 Summon Small Mammal      Summ           32%        N/A       2%          1
 Iskenderun's Mystic Bla  Conj/Tloc      28%        2d7       5%          4
 Agony                    Necr           37%        N/A       19%         5
 Silence                  Hex/Air        4%         N/A       50%         5


Dungeon Overview and Level Annotations

Branches:
Dungeon (4/15)
 Temple: D:4-7

Altars:
Nemelex Xobeh
Sif Muna

Shops:
D:1 [


Message History

You climb upwards.
There is a stone staircase leading down here.
You start resting.
HP restored.
You start memorising the spell.
You continue memorising.
You finish memorising.
Spell assigned to 'e'.
You start resting.
Magic restored.
You climb downwards.
The orc hits you with a +0 flail! The orc barely misses you.
An orc priest comes into view. It is wielding a +2 heavy flail.
The orc hits you with a +0 flail. The orc barely misses you.
There is a stone staircase leading up here.
You feel a surge of power!
The orc writhes in agony!
You kill the orc!
Sif Muna accepts your kill.
The orc priest shouts!
The black bear growls angrily.
The dead are walking!
The orc priest hits your orc skeleton with a +2 heavy flail.
The orc hits you with a +0 flail.
You feel a surge of power!
The orc writhes in agony!
You kill the orc!
Sif Muna accepts your kill.
The dead are walking!
Your orc skeleton hits the orc priest but does no damage.
The orc priest looks braver for a moment.
The orc priest casts a cantrip, but nothing happens.
Your orc skeleton closely misses the orc priest.
You feel a surge of power!
The black bear writhes in agony.
The orc priest barely misses your orc skeleton.
Your orc skeleton hits the orc priest but does no damage.
The black bear bites you. The black bear claws you. x2
You swap places.
Your orc skeleton hits the black bear but does no damage.
The black bear bites your orc skeleton!
Your orc skeleton is destroyed!
The orc priest mumbles some strange prayers to Beogh against you.
Beogh smites you!
Ouch! That really hurt!
You die...

....###...####........## .
............#......#..## ..
##...........#.....#..##
#.#..#.....)...##...##...#
.#.......................##
#.).........))..#..##.####
......)>...####.#...#..##
...........####.$.).....#
#.............h.@<..#...#
..............Z.#...#...#
.............o###†......#
#...!..........##......##
##...................###
..............#
.[.#.........##
#..#....###### #.[...


You could see a black bear, an orc priest (ally target) and a friendly orc
skeleton.

Vanquished Creatures
  Blork the orc (D:4)
  A gnoll bouda (D:4)
  An orc wizard (D:3)
  4 gnolls (D:4)
  7 adders
  A shadow imp (D:4)
  A bombardier beetle (D:4)
  3 worms
  3 dart slugs
  11 orcs
  4 bats
  4 endoplasms
  4 giant cockroaches
  7 goblins
  6 hobgoblins
  4 jackals (D:2)
  4 quokkas
  7 ball pythons
  A frilled lizard (D:1)
  8 kobolds
  4 rats
86 creatures vanquished.

Vanquished Creatures (others)
  2 fulminant prisms (D:4)
2 creatures vanquished.

Grand Total: 88 creatures vanquished

Notes
Turn   | Place    | Note
-------+----------+-------------------------------------------
     0 | D:1      | MisterAzrael the Deep Elf Conjurer began the quest for the
                  | Orb.
     0 | D:1      | Reached XP level 1. HP: 10/10 MP: 6/6
   178 | D:1      | Reached XP level 2. HP: 15/15 MP: 0/8
   454 | D:1      | Learned a level 2 spell: Searing Ray
   554 | D:1      | Reached skill level 5 in Conjurations
   866 | D:1      | Found Kyebyuka's Antique Armour Shop.
  1032 | D:2      | Reached XP level 3. HP: 19/19 MP: 7/10
  1630 | D:2      | Reached XP level 4. HP: 24/24 MP: 9/12
  1634 | D:2      | Learned a level 3 spell: Mephitic Cloud
  1639 | D:2      | Learned a level 4 spell: Fulminant Prism
  1929 | D:3      | Reached skill level 1 in Necromancy
  1978 | D:3      | Found a faded altar of an unknown god.
  2915 | D:3      | Reached skill level 6 in Conjurations
  2915 | D:3      | Reached XP level 5. HP: 28/28 MP: 7/13
  3353 | D:3      | Found a sparkling altar of Nemelex Xobeh.
  3356 | D:3      | Found a shimmering blue altar of Sif Muna.
  3557 | D:3      | Became a worshipper of Sif Muna the Loreminder
  3718 | D:4      | Noticed Blork the orc
  3731 | D:4      | Killed Blork the orc
  3732 | D:4      | Reached skill level 1 in Staves
  3834 | D:4      | Reached skill level 5 in Spellcasting
  3860 | D:4      | Reached XP level 6. HP: 19/32 MP: 6/15
  3990 | D:3      | Learned a level 1 spell: Necrotise
  4036 | D:4      | Killed from afar by an orc priest

Illustrated notes

Levels and vault maps discovered:
D:1:      giann_horns, layout_basic, serial_shops,
          nicolae_shop_tiny_statue_garden, grunt_decor_fettered
D:2:      layout_rooms, minmay_tiny_reverse_x
D:3:      layout_basic, minitemple, nicolae_ecumenical_oubliette,
          dreamdust_wishing_well, grunt_decor_resistance, roderic_lattice_a
D:4:      layout_cave_pools, lemuel_coloured_pillars_altar,
          grunt_temple_overflow_open, serial_shops, nicolae_shop_peninsula,
          uniq_blork_the_orc

Skill      XL: |  1  2  3  4  5 |
---------------+----------------+-----
Conjurations   | 5 6 |  6.7
Spellcasting   | 4 5 |  5.2
Necromancy     | 1 2 |  2.7
Staves         | 1 |  1.4
Dodging        | |  2.4
Stealth        | |  2.4

Action                     |  1- 3 |  4- 6 || total
---------------------------+-------+-------++-------
  Melee: Staff             |       |     6 ||     6
   Cast: Magic Dart        |    91 |    94 ||   185
         Searing Ray       |     1 |     5 ||     6
         Mephitic Cloud    |       |     6 ||     6
         Fulminant Prism   |       |     2 ||     2
         Necrotise         |       |     3 ||     3
    Use: Potion            |       |     1 ||     1
 Armour: Robe              |     7 |    22 ||    29
  Dodge: Dodged            |     4 |    19 ||    23

Table legend: (Time is in decaauts)
 A = Elapsed time spent in this place.
 B = Non-inter-level travel time spent in this place.
 C = Inter-level travel time spent in this place.
 D = Time resting spent in this place.
 E = Time spent auto-exploring this place.
 F = Levels seen in this place.
 G = Mean time per level.
                   A        B        C        D        E       F      G
               +--------+--------+--------+--------+--------+-----+--------+
         Total |   4037 |   3826 |    211 |    279 |   3061 |   4 | 1009.2 |
       Dungeon |   4037 |   3826 |    211 |    279 |   3061 |   4 | 1009.2 |
               +--------+--------+--------+--------+--------+-----+--------+

Top non-repeatable levels by time:
     D:3: 1858 daAuts
     D:1: 976 daAuts
     D:2: 935 daAuts
     D:4: 267 daAuts
